 Dungeon Crawl Stone Soup version 0.22-a0-558-gc224181 (webtiles) character file.

5821 iamserjio the Cleaver (level 10, -5/65 HPs)
             Began as a Gargoyle Fighter on June 26, 2018.
             Was a Believer of Makhleb.
             Slain by an orc knight
             ... wielding a +0 great sword
              (8 damage)
             ... on level 9 of the Dungeon.
             The game lasted 00:26:36 (3765 turns).

iamserjio the Cleaver (Gargoyle Fighter)            Turns: 3765, Time: 00:26:36

Health: -5/65      AC: 29    Str: 21    XL:     10   Next: 80%
Magic:  24/24      EV:  4    Int:  8    God:    Makhleb [**....]
Gold:   582        SH: 10    Dex: 12    Spells: 9/9 levels left

rFire    + . .     SeeInvis .   a - +1 war axe (flame)
rCold    . . .     Gourm    .   c - +0 shield
rNeg     + . .     Faith    .   K - +0 plate armour
rPois    ∞         Spirit   .   R - +0 helmet
rElec    +         Reflect  .   e - +2 cloak
rCorr    .         Harm     .   F - +0 pair of gloves
MR       .....                  U - +2 pair of boots
Stlth    ..........             (no amulet)
HPRegen  0.20/turn              T - ring of magical power
MPRegen  0.19/turn              k - ring of protection from fire

@: very slightly contaminated
A: negative energy resistance 1, electricity resistance, unbreathing,
petrification resistance, rot immunity, AC +7
a: Minor Destruction, Renounce Religion


You were on level 9 of the Dungeon.
You worshipped Makhleb.
Makhleb was pleased with you.
You were hungry.

You visited 3 branches of the dungeon, and saw 12 of its levels.
You also visited: Sewer.

You collected 582 gold pieces.

Inventory:

Hand Weapons
 a - a +1 war axe of flaming (weapon)
 d - a +1 whip of freezing
 l - a +0 mace
 s - a +0 quarterstaff of protection
 D - a +4 dire flail of pain
 Q - a +0 flail
Missiles
 z - 4 steel tomahawks (quivered)
 H - 4 needles of confusion
 M - 16 poisoned needles
Armour
 b - a +0 scale mail
 c - a +0 shield (worn)
 e - a +2 cloak (worn)
 m - a +2 animal skin
 n - the +3 helmet "Zyva" {rElec rF++ rCorr Dex-5}
   (You took it off Robin on level 2 of the Dungeon)

   It affects your dexterity (-5).
   It greatly protects you from fire.
   It insulates you from electricity.
   It protects you from acid and corrosion.
 v - a +3 leather armour of cold resistance
 x - a +0 troll leather armour {Purgy}
 F - a +0 pair of gloves (worn)
 K - a +0 plate armour (worn)
 R - a +0 helmet (worn)
 U - a +2 pair of boots (worn)
 X - a +0 buckler
Jewellery
 k - a ring of protection from fire (right hand)
 C - an uncursed ring of protection from magic
 J - an uncursed ring of poison resistance
 T - a ring of magical power (left hand)
 V - an uncursed ring of stealth
Wands
 p - a wand of paralysis (7)
 y - a wand of iceblast (11)
 P - a wand of random effects (27)
Scrolls
 g - 2 scrolls of remove curse {@r2}
 h - 3 scrolls of teleportation
 q - 3 scrolls of magic mapping
 r - 3 scrolls of immolation
 t - a scroll of fog
Potions
 j - a potion of lignification
 o - 9 potions of curing {@q1}
 w - a potion of haste
 G - a potion of heal wounds {unknown}
 I - 3 potions of mutation
 N - a potion of resistance
Comestibles
 f - 16 rations


   Skills:
 + Level 8.8 Fighting
 * Level 9.7 Axes
 + Level 7.0 Armour
 + Level 5.4 Shields
 + Level 6.8 Invocations


You had 9 spell levels left.
You didn't know any spells.
Your spell library contained the following spells:

 Spells                   Type           Power        Failure   Level  Hunger
 Regeneration             Chrm/Necr      #.........   100%        3    ####...
 Shroud of Golubria       Chrm/Tloc      #.........   100%        2    ###....
 Infusion                 Chrm           #...         100%        1    ##.....
 Song of Slaying          Chrm           #.......     100%        2    ###....
 Spectral Weapon          Hex/Chrm       #.......     100%        3    ####...


Dungeon Overview and Level Annotations

Branches:
Dungeon (10/15)            Temple (1/1) D:4             Orc (1/2) D:9
   Lair: D:8-11

Altars:
Ashenzari
Cheibriados
Dithmenos
Fedhas
Gozag
Hepliaklqana
Kikubaaqudgha
Makhleb
Nemelex Xobeh
Sif Muna
Trog
Uskayaw
Wu Jian
Zin

Shops:
D:8 }   D:9 *


Innate Abilities, Weirdness & Mutations

You are resistant to torment.
Your stone body is resilient. (AC +7)
You are immune to poison.
You resist negative energy. (rN+)
You are resistant to electric shocks. (rElec)
You can survive without breathing.
You are immune to petrification.
You are immune to rotting.


Message History

You feel better.
The orc knight is heavily wounded.
Evoke which item? (* to show all) (? for menu, Esc to quit)
Aiming: Scattershot
Press: ? - help, Shift-Dir - straight line, f - swamp drake, p - orc knight
Aim: a swamp drake The burst of metal fragments hits the orc knight. x2
The burst of metal fragments hits the swamp drake.
The orc knight is severely wounded.
The orc knight hits you with a great sword.
* * * LOW HITPOINT WARNING * * *
Evoke which item? (* to show all) (? for menu, Esc to quit)
Aiming: Scattershot
Press: ? - help, Shift-Dir - straight line, f/p - swamp drake
Aim: a swamp drake The burst of metal fragments hits the orc knight. x4
The orc knight is severely wounded.
The now-empty wand crumbles to dust.
The orc knight hits you with a great sword!
You die...

##### ####+## ####........# #
## #........# # #. #####†####
## #. #..# .# ###.##### #.## .#
#.......# #.# .# #.......# #.#
.########.......#### #.#
................@ok######.#####
.########.......##..>.........#
# .# #.....<.###........##....
.# ##.#######..#.......# ## ##
#.. #.###......# .# ##.
#.#⌠_..∩..(# .####
##.######.###.....## .h..#
#.......#..#......# # ..†.####
#......@##...#....######


You could see an orc knight and a swamp drake.

Vanquished Creatures
  Pikel (D:4)
  An orc knight (Orc:1)
  Joseph (D:9)
  The ghost of kae the Insei, a novice DsTm (D:5)
  2 hippogriffs
  5 yaks (D:9)
  Eustachio (D:4)
  A hungry ghost (D:8)
  Edmund (D:4)
  A warg (Orc:1)
  7 orc warriors
  An ice beast (D:8)
  Purgy (Sewer)
  3 slaves (D:4)
  4 ogres
  A centaur (D:7)
  3 bullfrogs
  3 scorpions
  A jelly (D:9)
  A bullfrog zombie (D:5)
  4 crimson imps
  A quasit (D:9)
  6 hounds
  3 orc priests (D:9)
  A bullfrog skeleton (D:6)
  5 orc wizards
  4 iguanas
  Ijyb (D:3)
  3 worker ants
  2 hound skeletons
  A worker ant zombie (D:8)
  Robin (D:2)
  8 adders
  4 gnolls (D:7)
  2 river rats (D:3)
  2 shadow imps
  2 oozes
  An adder skeleton (D:4)
  6 worms
  2 dart slugs
  8 leopard geckos
  26 orcs
  A ball python (D:3)
  7 bats
  2 giant cockroaches (D:3)
  8 goblins (D:2)
  7 hobgoblins
  6 jackals
  2 quokkas (D:4)
  A ball python zombie (D:6)
  2 frilled lizards
  4 kobolds
  A quokka zombie (D:5)
  9 rats
183 creatures vanquished.

Notes
Turn   | Place    | Note
-------+----------+-------------------------------------------
     0 | D:1      | iamserjio the Gargoyle Fighter began the quest for the Orb.
     0 | D:1      | Reached XP level 1. HP: 14/14 MP: 1/1
    37 | D:1      | Reached skill level 2 in Axes
    38 | D:1      | Reached XP level 2. HP: 13/19 MP: 2/2
   219 | D:2      | Noticed Robin
   223 | D:2      | Reached XP level 3. HP: 23/23 MP: 3/3
   228 | D:2      | Killed Robin
   235 | D:2      | Got a warped helmet
   244 | D:2      | Identified the +3 helmet "Zyva" {rElec rF++ rCorr Dex-5} (You took it off Robin on level 2 of the Dungeon)
   329 | D:3      | Reached XP level 4. HP: 24/29 MP: 4/4
   451 | D:3      | Noticed Ijyb
   460 | D:3      | Killed Ijyb
   460 | D:3      | Reached skill level 3 in Axes
   538 | D:3      | Reached XP level 5. HP: 8/33 MP: 5/5
   545 | D:3      | Found a glowing drain.
   556 | Sewer    | Entered a sewer
   605 | Sewer    | Noticed Purgy
   615 | Sewer    | Killed Purgy
   851 | D:2      | Reached XP level 6. HP: 32/39 MP: 6/6
   930 | D:4      | Reached skill level 4 in Axes
   997 | D:4      | Noticed Edmund
  1009 | D:4      | Killed Edmund
  1009 | D:4      | Reached skill level 5 in Fighting
  1009 | D:4      | Reached skill level 5 in Armour
  1009 | D:4      | Reached XP level 7. HP: 28/44 MP: 7/7
  1012 | D:4      | Reached skill level 5 in Axes
  1063 | D:4      | Found a staircase to the Ecumenical Temple.
  1097 | Temple   | Entered the Ecumenical Temple
  1109 | Temple   | Became a worshipper of Makhleb the Destroyer
  1211 | D:4      | Noticed Eustachio
  1247 | D:4      | Found a bloodstained altar of Trog.
  1254 | D:4      | Noticed Pikel
  1266 | D:4      | Killed Pikel
  1266 | D:4      | Reached skill level 6 in Axes
  1266 | D:4      | Reached XP level 8. HP: 14/51 MP: 7/9
  1269 | D:4      | Killed Eustachio
  1319 | D:5      | Entered Level 5 of the Dungeon
  1480 | D:5      | Found a snail-covered altar of Cheibriados.
  1481 | D:5      | Found a shattered altar of Ashenzari.
  1639 | D:7      | Reached * piety under Makhleb
  1749 | D:6      | Reached skill level 7 in Axes
  1750 | D:6      | Reached XP level 9. HP: 54/56 MP: 11/11
  1777 | D:5      | Found a runed gate.
  1777 | D:5      | Found a runed gate.
  1779 | D:5      | Found a runed gate.
  1784 | D:5      | Noticed kae's ghost (novice DsTm)
  1814 | D:5      | Killed kae's ghost
  2232 | D:9      | Reached skill level 8 in Axes
  2282 | D:8      | Reached skill level 5 in Invocations
  2441 | D:7      | Found a deep blue altar of Sif Muna.
  2583 | D:8      | Found Cuamiom's Gadget Emporium.
  2663 | D:8      | Found a bloodstained altar of Trog.
  2663 | D:8      | Found a hazy altar of Hepliaklqana.
  2665 | D:8      | Found a blossoming altar of Fedhas.
  2671 | D:8      | Found a hide-covered altar of Uskayaw.
  2697 | D:9      | Found a sparkling altar of Nemelex Xobeh.
  2798 | D:9      | Reached XP level 10. HP: 43/64 MP: 14/14
  2855 | D:9      | Found Zin's Purification Station.
  2866 | D:9      | Reached ** piety under Makhleb
  2873 | D:9      | Noticed Joseph
  2947 | D:10     | Entered Level 10 of the Dungeon
  3096 | D:9      | Found a glowing silver altar of Zin.
  3116 | D:9      | Killed Joseph
  3116 | D:9      | Reached skill level 9 in Axes
  3423 | D:9      | Reached skill level 5 in Shields
  3427 | D:9      | Found a staircase to the Orcish Mines.
  3483 | Orc:1    | Entered Level 1 of the Orcish Mines
  3529 | Orc:1    | Noticed an orc knight
  3560 | Orc:1    | Noticed an orc knight
  3561 | Orc:1    | Killed an orc knight
  3648 | D:9      | HP: 1/65 [orc warrior/short sword[an orc knight] (21)]
  3712 | D:10     | Noticed a cyclops
  3712 | D:10     | a komodo dragon changed into a cyclops
  3761 | D:9      | HP: 3/65 [orc warrior/short sword[an orc knight] (8)]
  3765 | D:9      | Slain by an orc knight

Vault maps used:
D:1:      dpeg_arrival_more_subterranean_lakeside_camping
D:2:      minivault_25, uniq_jessica, uniq_robin
D:3:      gup_sewer_entry_bubbles, uniq_ijyb
D:4:      kennysheep_six_static_rooms, temple_doors_e,
          trog_three_pillars_becter, uniq_pikel, uniq_edmund, uniq_eustachio
D:5:      gammafunk_temple_overflow_statue, ebering_ghost_rock_garden,
          first_ration
D:7:      led_sif_book
D:8:      nicolae_overflow_quartered_altars, grunt_lair_entry_orc_guard_hut,
          serial_shops, nicolae_shop_behind_doors, grunt_ogre_cave
D:9:      zin_purify, lemuel_doored_altar, erik_orc_1, uniq_joseph
D:10:     minmay_the_grid_octo_triangle, uniq_josephine
Temple:   nicolae_temple_god_jail
Sewer:    sewer_big_baddie

Skill      XL: |  1  2  3  4  5  6  7  8  9 10 |
---------------+-------------------------------+-----
Axes           | 2 3 4 6 7 8 9 |  9.7
Fighting       | 4 5 6 7 8 |  8.8
Armour         | 4 5 6 7 |  7.0
Shields        | 4 5 |  5.4
Invocations    | 2 3 5 6 |  6.8

Action                   |  1- 3 |  4- 6 |  7- 9 | 10-12 || total
-------------------------+-------+-------+-------+-------++-------
Melee: War axe           |    49 |   135 |   312 |   243 ||   739
Evoke: Wand              |       |     5 |     4 |    18 ||    27
  Use: Potion            |       |       |     1 |     1 ||     2
       Scroll            |       |       |     8 |    11 ||    19
 Stab: Paralysed         |       |     7 |       |    10 ||    17
  Eat: Chunk             |       |     1 |     4 |     4 ||     9
       Ration            |       |       |     1 |       ||     1
Armor: Scale mail        |    56 |    54 |       |       ||   110
       Troll leather arm |       |    21 |   183 |    97 ||   301
       Skin              |       |       |       |    10 ||    10
       Plate armour      |       |       |       |     9 ||     9
Dodge: Dodged            |    41 |    52 |    93 |    79 ||   265
Block: Shield            |    44 |    69 |   175 |   120 ||   408

Table legend:
 A = Spawn XP
 B = Non-spawn XP
 C = Spawn XP percentage of total XP
 D = Spawn monster count
 E = Non-spawn monster count
 F = Spawn count percentage of total count
 G = Total turns spent on level
                    A         B        C        D         E        F      G
               +---------+---------+-------+---------+---------+-------+---------
         Total |       0 |    8316 |   0.0 |       0 |     180 |   0.0 |  3765
               +---------+---------+-------+---------+---------+-------+---------
           D:1 |       0 |      26 |   0.0 |       0 |      12 |   0.0 |   219
           D:2 |       0 |      49 |   0.0 |       0 |      17 |   0.0 |   118
           D:3 |       0 |     119 |   0.0 |       0 |      24 |   0.0 |   390
           D:4 |       0 |    1404 |   0.0 |       0 |      19 |   0.0 |   496
           D:5 |       0 |     795 |   0.0 |       0 |      13 |   0.0 |   351
           D:6 |       0 |     667 |   0.0 |       0 |      12 |   0.0 |   355
           D:7 |       0 |     363 |   0.0 |       0 |      10 |   0.0 |   242
           D:8 |       0 |     870 |   0.0 |       0 |      13 |   0.0 |   360
           D:9 |       0 |    2766 |   0.0 |       0 |      38 |   0.0 |   804
          D:10 |       0 |      13 |   0.0 |       0 |       1 |   0.0 |   177
         Orc:1 |       0 |    1106 |   0.0 |       0 |      15 |   0.0 |   112
         Sewer |       0 |     138 |   0.0 |       0 |       6 |   0.0 |   119
               +---------+---------+-------+---------+---------+-------+---------
